 Dungeon Crawl Stone Soup version 0.32-a0-699-g1ee5eff69a (console) character file.

Game seed: 13411858257890070517

1185 zenocrate the Sneak (level 8, -1/54 HPs)
             Began as an Octopode Earth Elementalist on Mar 13, 2024.
             Killed from afar by a steam dragon (7 damage)
             ... with a ball of steam
             ... on level 6 of the Dungeon.
             The game lasted 00:10:17 (6629 turns).

zenocrate the Sneak (Octopode Earth Elementalist)   Turns: 6629, Time: 00:10:17

Health: -1/54      AC:  1    Str: 13    XL:     8   Next: 42%
Magic:  7/13       EV: 14    Int: 20    God:
Gold:   215        SH:  0    Dex: 18    Spells: 1/14 levels left

rFire   + .          .
                       - Unarmed
rCold   x . .        (no shield)
rNeg    . . .        (helmet restricted)
rPois   .            (no amulet)
rElec   .            c - +6 ring of strength
rCorr   .            e - +6 ring of dexterity
SInv    .            k - ring of fire
Will    .....        (no ring)
Stlth   ++++         (no ring)
HPRegen 0.29/turn    (no ring)
MPRegen 0.13/turn    (no ring)
                     (no ring)

%: no passive effects
@: very slightly contaminated
A: almost no armour, amphibious, 8 rings, camouflage 1, gelatinous body 1,
(nimble swimmer 1), tentacles
a: no special abilities


You were on level 6 of the Dungeon.
You visited 1 branch of the dungeon, and saw 6 of its levels.

You collected 327 gold pieces.
You spent 112 gold pieces at shops.

Inventory:

Armour
 r - a +0 buckler
Jewellery
 c - a +6 ring of strength (left tentacle)
 e - a +6 ring of dexterity (right tentacle)
 k - a ring of fire (on tentacle)
Talismans
 b - a flux talisman
 o - a beast talisman
 B - a blade talisman
Wands
 d - a wand of flame (61)
Scrolls
 f - 2 scrolls of identify
 h - 2 scrolls of noise {unknown}
 i - a scroll of blinking {unknown}
 j - a scroll of immolation {unknown}
 l - 2 scrolls of teleportation {unknown}
 p - a scroll of poison {unknown}
 u - 2 scrolls of fear {unknown}
 v - a scroll of fog {unknown}
 w - a scroll of summoning {unknown}
 y - a scroll of revelation {unknown}
 A - a scroll of amnesia {unknown}
Potions
 g - a potion of might
 m - 3 potions of attraction {unknown}
 n - 2 potions of haste {unknown}
 q - a potion of degeneration {unknown}
 s - a potion of invisibility {unknown}
 t - a potion of enlightenment {unknown}
 x - a potion of cancellation {unknown}
 z - a potion of curing {unknown}


   Skills:
 + Level 4.2 Fighting
 + Level 4.0 Dodging
 + Level 5.8 Stealth
 + Level 1.7 Unarmed Combat
 + Level 3.7 Spellcasting
 + Level 3.3 Conjurations
 + Level 4.5 Earth Magic
 + Level 2.6 Evocations


You had one spell level left.
You knew the following spells:

 Your Spells              Type           Power      Damage    Failure   Level
a - Stone Arrow           Conj/Erth      38%        3d9       8%          3
b - Sandblast             Erth           44%        2d11      1%          1
c - Petrify               Alch/Erth      12%        N/A       45%         4
d - Brom's Barrelling Bo  Conj/Erth      19%        2d4       26%         4
m - Apportation           Tloc           6%         N/A       13%         1

Your spell library contained the following spells:

 Spells                   Type           Power      Damage    Failure   Level
 Sting                    Conj/Alch      40%        1d5       7%          1
 Necrotise                Necr           12%        1d4       13%         1
 Summon Small Mammal      Summ           12%        N/A       13%         1
 Passwall                 Erth           22%        N/A       6%          3
 Sculpt Simulacrum        Ice/Alch       1%         N/A       100%        6
 Ozocubu's Refrigeration  Ice            1%         4d7       100%        7
 Polar Vortex             Ice            1%         N/A       100%        9


Dungeon Overview and Level Annotations

Branches:
Dungeon (6/15)
 Temple: D:4-7

Altars:
Dithmenos
Trog

Shops:
D:2 *   D:4 ?


Innate Abilities, Weirdness & Mutations

You cannot wear most types of armour.
You are amphibious.
You can wear up to eight rings at the same time.
Your skin changes colour to match your surroundings (Stealth+).
Your rubbery body absorbs attacks. (AC +1, EV +1)
((You are camouflaged when in or above water. (Stealth+)))
You have tentacles for arms and can constrict up to eight enemies at once.


Message History

The steam dragon is heavily wounded.
The steam dragon closely misses you. The steam dragon claws you.
* * * LOW HITPOINT WARNING * * *
Unknown command.
You closely miss the steam dragon.
The steam dragon is heavily wounded.
The steam dragon bites you but does no damage.
The steam dragon barely misses you.
Unknown command.
You tentacle-slap the steam dragon.
The steam dragon is heavily wounded.
The steam dragon breathes steam at you. The ball of steam hits you. You resist.
* * * LOW HITPOINT WARNING * * *
Your magical contamination has completely faded away.
Unknown command.
Magic courses through your body. The steam dragon misses you. x2
Unknown command.
Casting: Stone Arrow (dangerous; 8% risk of failure)
Confirm with . or Enter, or press ? or * to list all spells.
Aiming: Stone Arrow (dangerous; 8% risk of failure)
Press: ? - help, Shift-Dir - straight line, f/p - steam dragon
Aim: a steam dragon (steam, heavily wounded, 68% to hit)
The stone arrow hits the steam dragon!
The steam dragon is almost dead.
The steam dragon bites you.
* * * LOW HITPOINT WARNING * * *
The steam dragon barely misses you.
Unknown command.
Casting: Stone Arrow (dangerous; 8% risk of failure)
Confirm with . or Enter, or press ? or * to list all spells.
Aiming: Stone Arrow (dangerous; 8% risk of failure)
Press: ? - help, Shift-Dir - straight line, f/p - steam dragon
Aim: a steam dragon (steam, almost dead, 68% to hit)
You miscast Stone Arrow.
You are very lightly contaminated with residual magic.
Nothing appears to happen.
The steam dragon breathes steam at you. The ball of steam hits you! You resist.
You die...

........<[.....#..
#####........... .
#..........#
#..........#
####..........#
#+#####..............
..#.............####
...............# #
#!............# ..
#.D§§.§....†..#.#
#.§@§.........[.#
#.§§.§........###
#..!..........#
#....##########
######


You could see a steam dragon (catching breath).

Vanquished Creatures
  Grinder (D:4)
  Eustachio (D:4)
  Edmund (D:4)
  A bullfrog (D:6)
  A scorpion (D:6)
  3 bombardier beetles
  A jelly (D:3)
  An orc priest (D:4)
  Crazy Yiuf (D:4)
  2 sleepcaps
  5 orc wizards
  4 gnolls
  9 adders
  A shadow imp (D:5)
  2 ufetubi
  A ribbon worm (D:4)
  4 dart slugs
  16 orcs
  3 endoplasms
  13 goblins
  7 hobgoblins
  3 jackals
  2 quokkas (D:1)
  7 ball pythons
  3 bats
  3 frilled lizards
  7 kobolds
  3 rats
106 creatures vanquished.

Notes
Turn   | Place    | Note
-------+----------+-------------------------------------------
     0 | D:1      | zenocrate the Octopode Earth Elementalist began the quest
                  | for the Orb.
     0 | D:1      | Reached XP level 1. HP: 11/11 MP: 3/3
    99 | D:1      | Found a faded altar of an unknown god.
   298 | D:1      | Reached XP level 2. HP: 18/18 MP: 3/5
   600 | D:1      | You fall into a shaft and drop 1 floor!
   643 | D:2      | Found Peedyi's Assorted Antiques.
   674 | D:2      | Reached skill level 3 in Stealth
  1004 | D:2      | Reached XP level 3. HP: 22/22 MP: 4/6
  1008 | D:2      | Learned a level 3 spell: Stone Arrow
  1718 | D:1      | Reached skill level 1 in Fighting
  2304 | D:3      | Found a shadowy altar of Dithmenos.
  2344 | D:3      | Found a bloodstained altar of Trog.
  2348 | D:3      | Reached XP level 4. HP: 28/28 MP: 5/7
  2744 | D:3      | Reached XP level 5. HP: 26/34 MP: 5/8
  2800 | D:3      | Learned a level 4 spell: Petrify
  3140 | D:3      | Reached skill level 4 in Stealth
  3264 | D:2      | Bought a wooden wand for 112 gold pieces
  3366 | D:4      | Reached XP level 6. HP: 5/41 MP: 1/10
  3588 | D:4      | Found a runed translucent door.
  3589 | D:4      | Noticed Crazy Yiuf
  4039 | D:4      | Noticed Eustachio
  4046 | D:4      | Killed Eustachio
  4047 | D:4      | Reached skill level 1 in Evocations
  4047 | D:4      | Reached XP level 7. HP: 36/46 MP: 1/11
  4226 | D:4      | Noticed Edmund
  4237 | D:4      | Killed Edmund
  4405 | D:4      | Reached skill level 5 in Stealth
  4665 | D:4      | Noticed Grinder
  4673 | D:4      | Killed Grinder
  4842 | D:4      | Found Vejihoc's Magic Scroll Emporium.
  5037 | D:4      | Killed Crazy Yiuf
  5038 | D:4      | Reached skill level 1 in Unarmed Combat
  5038 | D:4      | Reached XP level 8. HP: 39/54 MP: 3/13
  5181 | D:5      | Entered Level 5 of the Dungeon
  6078 | D:5      | Learned a level 1 spell: Apportation
  6083 | D:5      | Learned a level 4 spell: Brom's Barrelling Boulder
  6629 | D:6      | Killed from afar by a steam dragon

Illustrated notes

Levels and vault maps discovered:
D:1:      dpeg_arrival_solitude, layout_basic,
          hellmonk_ecumenical_altar_heavens_door, minmay_unequal
D:2:      layout_basic, serial_shops, shop
D:3:      layout_basic, old_standard_altar,
          nicolae_dithmenos_through_a_glass_darkly, minmay_surrounded
D:4:      layout_basic, serial_shops, nicolae_shop_rolled_up,
          roderic_malta_cross, uniq_edmund, uniq_grinder, uniq_eustachio,
          uniq_crazy_yiuf_cottage
D:5:      layout_gridville
D:6:      layout_basic, minmay_temple_entry_enclosed_plants

Skill      XL: |  1  2  3  4  5  6  7  8 |
---------------+-------------------------+-----
Stealth        | 3 4 5 |  5.8
Fighting       | 1 2 3 4 |  4.2
Conjurations   | 2 3 |  3.3
Dodging        | 3 4 |  4.0
Spellcasting   | 3 |  3.7
Earth Magic    | 4 |  4.5
Evocations     | 1 2 |  2.6
Unarmed Combat | 1 |  1.7

Action                     |  1- 3 |  4- 6 |  7- 9 || total
---------------------------+-------+-------+-------++-------
  Melee: Unarmed           |    11 |    46 |    44 ||   101
         Tentacles         |     5 |     8 |    14 ||    27
         Constrict         |     5 |    13 |    14 ||    32
         Punch             |       |     2 |     1 ||     3
   Cast: Sandblast         |    40 |    35 |       ||    75
         Stone Arrow       |       |    16 |    46 ||    62
  Evoke: Wand              |       |     1 |     2 ||     3
    Use: Potion            |       |     2 |     1 ||     3
         Scroll            |       |     1 |       ||     1
   Stab: Sleeping          |     2 |     2 |     2 ||     6
 Armour: Skin              |     7 |    37 |    43 ||    87
  Dodge: Dodged            |     3 |    34 |    57 ||    94
         Form:             |     1 |       |       ||     1
         Beast             |     1 |       |       ||     1

Table legend: (Time is in decaauts)
 A = Elapsed time spent in this place.
 B = Non-inter-level travel time spent in this place.
 C = Inter-level travel time spent in this place.
 D = Time resting spent in this place.
 E = Time spent auto-exploring this place.
 F = Levels seen in this place.
 G = Mean time per level.
                   A        B        C        D        E       F      G
               +--------+--------+--------+--------+--------+-----+--------+
         Total |   6665 |   6430 |    235 |    103 |   5598 |   6 | 1110.8 |
       Dungeon |   6665 |   6430 |    235 |    103 |   5598 |   6 | 1110.8 |
               +--------+--------+--------+--------+--------+-----+--------+

Top non-repeatable levels by time:
     D:4: 2014 daAuts
     D:1: 1289 daAuts
     D:5: 1121 daAuts
     D:2: 995 daAuts
     D:3: 919 daAuts
     D:6: 325 daAuts
